 Dungeon Crawl Stone Soup version 0.31-a0-232-gb1c03b2570 (webtiles) character file.

Game seed: 2249811050247346471

1009 qw the Skirmisher (level 8, -4/68 HPs)
             Began as a Minotaur Hexslinger on July 7, 2023.
             Was an Initiate of Okawaru.
             Slain by an iguana (7 damage)
             ... on level 6 of the Dungeon.
             The game lasted 00:01:51 (4970 turns).

qw the Skirmisher (Minotaur Hexslinger)             Turns: 4970, Time: 00:01:51

Health: -4/68      AC:  7    Str: 12 (13) XL:     8   Next: 1%
Magic:  6/8        EV: 13    Int: 10      God:    Okawaru [......]
Gold:   295        SH:  0    Dex: 14 (15) Spells: 8/9 levels left

rFire   . . .        Y - +1 sling
rCold   + + .        (no shield)
rNeg    . . .        m - +0 ring mail
rPois   .            (helmet restricted)
rElec   .            (no cloak)
rCorr   .            (no gloves)
SInv    +            j - +0 pair of boots
Will    .....        (no amulet)
Stlth   ++           (no ring)
HPRegen 0.31/turn    (no ring)
MPRegen 0.11/turn

%: no passive effects
@: heroic
A: horns 2, retaliatory headbutt, see invisible, cold resistance 2, subdued
magic 1
a: Renounce Religion


You were on level 6 of the Dungeon.
You worshipped Okawaru.
Okawaru was noncommittal.
You visited 2 branches of the dungeon, and saw 7 of its levels.

You collected 295 gold pieces.


Innate Abilities, Weirdness & Mutations

You have a pair of horns on your head.
You reflexively headbutt those who attack you in melee.
You have supernaturally acute eyesight. (SInv)
Your flesh is very cold resistant. (rC++)
Your spells are a little easier to cast, but a little less powerful.


   Skills:
 + Level 5.0(10.0) Fighting
 - Level 9.0(14.0) Ranged Weapons
 - Level 2.3(7.3) Armour
 - Level 2.1(7.1) Dodging
 - Level 1.0 Spellcasting
 - Level 2.0 Hexes


You had 8 spell levels left.
You knew the following spells:

 Your Spells              Type           Power      Damage    Failure   Level
a - Slow                  Hex            12%        N/A       26%         1

Your spell library contained the following spells:

 Spells                   Type           Power      Damage    Failure   Level
 Inner Flame              Hex/Fire       1%         N/A       77%         3
 Portal Projectile        Hex/Tloc       2%         N/A       77%         3
 Cause Fear               Hex            1%         N/A       95%         4

Inventory:

Hand Weapons
 Y - a +1 sling (weapon)
Armour
 j - a +0 pair of boots (worn)
 m - a +0 ring mail (worn)
Scrolls
 a - a scroll of identify
Potions
 b - a potion of cancellation
 c - a potion of brilliance {unknown}
 d - a potion of haste
 f - a potion of mutation
 h - 5 potions of curing
 i - a potion of might
 k - a potion of enlightenment {unknown}
 l - a potion of invisibility {unknown}

Dungeon Overview and Level Annotations

Branches:
Dungeon (6/15)             Temple (1/1) D:5

Altars:
Ashenzari
Dithmenos
Elyvilon
Fedhas
Gozag
Hepliaklqana
Kikubaaqudgha
Makhleb
Nemelex Xobeh
Okawaru
Ru
Sif Muna
Uskayaw
Vehumet
Wu Jian
Xom
Yredelemnul
Zin
The Shining One

Annotations:
D:5 3 runed translucent doors, qw's ghost, novice GrHs


Message History

The ogre is moderately wounded.
The ogre barely misses you.
You shoot a sling bullet.
The sling bullet barely misses the ogre.
The ogre barely misses you.
You shoot a sling bullet. The sling bullet hits the ogre!
The ogre is heavily wounded.
The ogre hits you with a +0 giant club!!
You shoot a sling bullet. The sling bullet hits the ogre.
The ogre is severely wounded.
The iguana bites you!
You shoot a sling bullet. The sling bullet hits the ogre!
The ogre is almost dead.
The hound bites you.
The ogre hits you with a +0 giant club!!
The iguana bites you. The hound bites you but does no damage.
You shoot a sling bullet. The sling bullet hits the ogre.
You kill the ogre!
Okawaru accepts your kill.
You can now gain great but temporary skills.
A scorpion comes into view.
The hound bites you but does no damage. The iguana barely misses you.
Your Ranged Weapons skill increases to level 9!
You have reached level 8!
You feel stronger.
4967 ||| INVOKING Heroism.
You gain the combat prowess of a mighty hero.
You can no longer gain great but temporary skills.
The hound misses you. The iguana closely misses you.
The hound barely misses you. You furiously retaliate!
You headbutt the hound! You shoot a sling bullet.
The sling bullet hits the hound.
The hound is almost dead.
The hound barely misses you. The iguana barely misses you.
You shoot a sling bullet.
The sling bullet completely misses the hound.
The hound misses you.
You shoot a sling bullet. The sling bullet hits the hound.
You kill the hound!
Okawaru accepts your kill. The iguana bites you!
You die...

##.. ##... #.... #...#
#...# #. #### #...# ..
..# #..s# #.#
#.######..@#
#.##........%l)...... #
##...................
.###.#..................
..#..#..######...##.##..
#......# #...# .. .
#...#.## #...# ##
.#.#.#.# #...#
.......####


You could see a scorpion and an iguana.

Vanquished Creatures
  A steam dragon (D:4)
  A black bear (D:5)
  2 ogres
  2 phantoms
  A scorpion (D:4)
  2 howler monkeys
  3 hounds
  2 jellies (D:5)
  3 sleepcaps
  An iguana (D:4)
  4 adders
  An ufetubus (D:5)
  2 worms
  5 dart slugs
  An orc (D:3)
  4 ball pythons
  4 endoplasms
  A giant cockroach (D:2)
  7 goblins
  3 hobgoblins
  2 jackals (D:2)
  8 kobolds
  6 quokkas
  7 bats
  3 frilled lizards
  5 rats
81 creatures vanquished.

Vanquished Creatures (others)
  A ball python (D:4)
1 creature vanquished.

Grand Total: 82 creatures vanquished

Notes
Turn   | Place    | Note
-------+----------+-------------------------------------------
     0 | D:1      | qw the Minotaur Hexslinger began the quest for the Orb.
     0 | D:1      | Reached XP level 1. HP: 16/16 MP: 1/1
     0 | D:1      | 0 ||| qw: Version: 0.3-a-46-gb1f654a
     0 | D:1      | 0 ||| qw: Game counter: 2907
     0 | D:1      | 0 ||| qw: Melee chars always use a shield: true
     0 | D:1      | 0 ||| qw: God list: Okawaru
     0 | D:1      | 0 ||| qw: Allow faded altars: false
     0 | D:1      | 0 ||| qw: Do Orc after clearing Dungeon:15 true
     0 | D:1      | 0 ||| qw: Do second Lair branch before Depths: true
     0 | D:1      | 0 ||| qw: Lair rune preference: random
     0 | D:1      | 0 ||| qw: Goals: Normal
     0 | D:1      | 0 ||| PLANNING D:1-11
   219 | D:1      | Reached skill level 3 in Ranged Weapons
   219 | D:1      | Reached XP level 2. HP: 23/23 MP: 2/2
   656 | D:1      | 656 ||| UPGRADING to +0 leather armour.
   666 | D:1      | 666 ||| DROPPING +0 robe.
   667 | D:1      | 667 ||| UPGRADING to +0 ring mail.
   677 | D:1      | 677 ||| DROPPING +0 leather armour.
   678 | D:1      | 678 ||| DROPPING +6 ring of intelligence.
   679 | D:1      | 679 ||| READING 3 scrolls labelled MEANOIBONT.
   680 | D:1      | 680 ||| READING scroll labelled WOL KOBBIRAF.
   681 | D:1      | 681 ||| READING scroll labelled TECKAANK NAUMISHA.
   685 | D:1      | 685 ||| DRINKING 2 smoky orange potions.
   685 | D:1      | Gained mutation: You have hidden genetic potential. [potion
                  | of mutation]
   685 | D:1      | Gained mutation: Your flesh is cold resistant. (rC+)
                  | [potion of mutation]
   685 | D:1      | Gained mutation: Your spells are a little easier to cast,
                  | but a little less powerful. [potion of mutation]
   686 | D:1      | 686 ||| DRINKING 2 brown potions.
   687 | D:1      | 687 ||| READING 2 scrolls of identify.
   687 | D:1      | 687 ||| IDENTIFYING red potion
   688 | D:1      | 688 ||| DROPPING scroll of poison.
   977 | D:2      | Reached XP level 3. HP: 29/29 MP: 3/3
  1286 | D:2      | Found a faded altar of an unknown god.
  1408 | D:2      | 1408 ||| DROPPING scarf of invisibility.
  1409 | D:2      | 1409 ||| UPGRADING to +0 pair of boots.
  1414 | D:2      | 1414 ||| READING scroll labelled YMO XUCU YNONI.
  1515 | D:2      | 1515 ||| DRINKING 2 blue potions.
  1516 | D:2      | 1516 ||| READING 2 scrolls of identify.
  1516 | D:2      | 1516 ||| IDENTIFYING fuming puce potion
  1517 | D:2      | 1517 ||| DROPPING potion of attraction.
  1583 | D:3      | Reached skill level 4 in Ranged Weapons
  1598 | D:3      | Gained mutation: You have supernaturally acute eyesight.
                  | (SInv) [hidden potential]
  1651 | D:3      | 1651 ||| FLEEEEING.
  1833 | D:3      | Reached skill level 1 in Armour
  1887 | D:3      | Found a burning altar of Makhleb.
  2274 | D:3      | Reached XP level 4. HP: 36/36 MP: 4/4
  2301 | D:3      | 2301 ||| READING scroll labelled QUSIURROUTY.
  2302 | D:3      | 2302 ||| READING scroll labelled WIKITZ SABA.
  2303 | D:3      | 2303 ||| READING scroll labelled QETACWI QEDWU.
  2386 | D:4      | 2386 ||| FLEEEEING.
  2454 | D:4      | Noticed a phantom
  2460 | D:4      | Gained mutation: Your flesh is very cold resistant. (rC++)
                  | [hidden potential]
  2460 | D:4      | Lost mutation: You have hidden genetic potential. [hidden
                  | potential expressed]
  2476 | D:4      | Killed a phantom
  2477 | D:4      | Reached skill level 5 in Ranged Weapons
  2477 | D:4      | Reached XP level 5. HP: 15/41 MP: 5/5
  2477 | D:4      | 2477 ||| FLEEEEING.
  2478 | D:4      | 2478 ||| FLEEEEING.
  2479 | D:4      | 2479 ||| FLEEEEING.
  2480 | D:4      | 2480 ||| FLEEEEING.
  2481 | D:4      | 2481 ||| FLEEEEING.
  2482 | D:4      | 2482 ||| FLEEEEING.
  2483 | D:4      | 2483 ||| FLEEEEING.
  2484 | D:4      | 2484 ||| FLEEEEING.
  2485 | D:4      | 2485 ||| FLEEEEING.
  2486 | D:4      | 2486 ||| FLEEEEING.
  2487 | D:4      | 2487 ||| FLEEEEING.
  2488 | D:4      | 2488 ||| STAIRDANCE
  2578 | D:4      | 2578 ||| STAIRDANCE
  2676 | D:4      | 2676 ||| STAIRDANCE
  2692 | D:3      | Reached skill level 3 in Fighting
  2874 | D:4      | Reached skill level 6 in Ranged Weapons
  2895 | D:4      | Noticed a steam dragon
  2898 | D:4      | 2898 ||| Stepping ~*~*~tactically~*~*~ (cloud).
  2900 | D:4      | 2900 ||| Stepping ~*~*~tactically~*~*~ (cloud).
  2908 | D:4      | HP: 11/45 [scorpion (5)]
  2909 | D:4      | 2909 ||| READING 2 scrolls of teleportation.
  2910 | D:4      | HP: 2/45 [scorpion (4)]
  2911 | D:4      | 2911 ||| DRINKING 3 potions of heal wounds.
  2912 | D:4      | 2912 ||| DRINKING 2 potions of heal wounds.
  3012 | D:4      | Reached XP level 6. HP: 24/52 MP: 6/6
  3042 | D:4      | 3042 ||| Stepping ~*~*~tactically~*~*~ (cloud).
  3046 | D:4      | HP: 13/52 [steam dragon (2)]
  3047 | D:4      | 3047 ||| READING scroll of teleportation.
  3048 | D:4      | 3048 ||| DRINKING potion of heal wounds.
  3177 | D:4      | 3177 ||| Stepping ~*~*~tactically~*~*~ (cloud).
  3189 | D:4      | Killed a steam dragon
  3336 | D:4      | Reached skill level 7 in Ranged Weapons
  3490 | D:4      | 3490 ||| READING scroll labelled TESSEUSTA.
  3491 | D:4      | 3491 ||| DRINKING 2 lumpy puce potions.
  3492 | D:4      | 3492 ||| DROPPING potion of degeneration.
  3523 | D:5      | Entered Level 5 of the Dungeon
  3527 | D:5      | 3527 ||| STAIRDANCE
  3745 | D:5      | Found a runed translucent gate.
  3745 | D:5      | Found a runed translucent gate.
  3745 | D:5      | Found a runed translucent gate.
  3745 | D:5      | Noticed qw's ghost (novice GrHs)
  3746 | D:5      | Noticed qw's ghost (novice GrHs)
  3746 | D:5      | Noticed qw's ghost (novice GrHs)
  3758 | D:5      | Reached XP level 7. HP: 47/59 MP: 7/7
  3762 | D:5      | 3762 ||| FLEEEEING.
  3763 | D:5      | 3763 ||| FLEEEEING.
  3764 | D:5      | 3764 ||| FLEEEEING.
  3767 | D:5      | 3767 ||| STAIRDANCE
  3797 | D:4      | 3797 ||| DROPPING scarf of shadows.
  3798 | D:4      | 3798 ||| READING 2 scrolls of identify.
  3798 | D:4      | 3798 ||| IDENTIFYING coppery potion
  3802 | D:5      | 3802 ||| STAIRDANCE
  3943 | D:5      | Found a staircase to the Ecumenical Temple.
  3944 | D:5      | 3944 ||| PLANNING TEMPLE
  3944 | D:5      | 3944 ||| DRINKING 2 sapphire potions.
  3964 | D:5      | HP: 14/59 [black bear (4)]
  3968 | D:5      | 3968 ||| FLEEEEING.
  4132 | Temple   | Entered the Ecumenical Temple
  4147 | Temple   | 4147 ||| PLANNING OKAWARU WORSHIP
  4483 | Temple   | Became a worshipper of Warmaster Okawaru
  4484 | Temple   | 4484 ||| PLANNING D:1-11
  4595 | D:5      | Reached skill level 8 in Ranged Weapons
  4846 | D:5      | 4846 ||| DROPPING ring of magical power.
  4965 | D:6      | HP: 4/61 [ogre/+0 giant club (20)]
  4965 | D:6      | HP: 1/61 [iguana (3)]
  4966 | D:6      | Reached * piety under Okawaru
  4967 | D:6      | Reached skill level 9 in Ranged Weapons
  4967 | D:6      | Reached XP level 8. HP: 2/68 MP: 8/8
  4967 | D:6      | 4967 ||| INVOKING Heroism.
  4970 | D:6      | Slain by an iguana

Levels and vault maps discovered:
D:1:      onia_arrival_mini_spirals, layout_basic
D:2:      layout_loops_ring, chequers_ecumenical_altar_lobes
D:3:      minmay_diamond_boxcup, layout_basic,
          mainiacjoe_overflow_surrounded_room
D:4:      layout_cave_pools, hangedman_feature_mirror
D:5:      layout_basic, minmay_temple_entry_stoned_glass,
          gammafunk_ghost_cemetery
D:6:      layout_loops_cross, serial_park_tiny_1
Temple:   hc_temple_tempest_star

Skill      XL: |  1  2  3  4  5  6  7 |
---------------+----------------------+-----
Ranged Weapons | 3 4 5 6 7 9 |  9.0
Fighting       | 2 4 5 |  5.0
Armour         | 1 2 |  2.3
Dodging        | |  2.1
Spellcasting   | |  1.0
Hexes          | |  2.0

Action                     |  1- 3 |  4- 6 |  7- 9 || total
---------------------------+-------+-------+-------++-------
   Fire: Sling             |   108 |   167 |    82 ||   357
 Invoke: Heroism           |       |       |     1 ||     1
    Use: Scroll            |     6 |     6 |     1 ||    13
         Potion            |     3 |     4 |     1 ||     8
 Armour: Ring mail         |    12 |    68 |    17 ||    97
  Dodge: Dodged            |    34 |    78 |    35 ||   147

Table legend:
 A = Non-vault XP
 B = Vault XP
 C = Vault XP percentage of total XP
 D = Non-vault monster count
 E = Vault monster count
 F = Vault count percentage of total count
                 A         B        C        D         E       F
            +---------+---------+-------+---------+---------+-------
      Total |    1458 |      26 |   1.8 |      72 |       9 |  11.1
            +---------+---------+-------+---------+---------+-------
        D:1 |      27 |       0 |   0.0 |      15 |       0 |   0.0
        D:2 |      26 |       0 |   0.0 |      11 |       0 |   0.0
        D:3 |     111 |      12 |   9.8 |      14 |       7 |  33.3
        D:4 |     511 |      14 |   2.7 |      19 |       2 |   9.5
        D:5 |     479 |       0 |   0.0 |       9 |       0 |   0.0
        D:6 |     304 |       0 |   0.0 |       4 |       0 |   0.0
            +---------+---------+-------+---------+---------+-------
